AoeStats
← Yverogne

Black Forest

505716019Analyzed
3v3 RM · 22d ago on Sep 10, 2026· 59m 22s· 6 players
Game mode
Random Map
Map size
Normal (6 player)
Population
200
Speed
Normal
Resources
Standard
Victory
Conquest
Starting age
Dark Age
Ending age
Imperial Age
RankedLock teamsTeams togetherTeam positionsShared explorationLock speedFull tech treeHidden civsTurbo modeCheats
Victory
Defeat
🇷🇴 Bohemians · Romania
899
+14
🇩🇪 Italians · Germany
855
+16
🇫🇷 Turks · France
782
+20
🇫🇷 Bohemians · France
862
-17
🇫🇷 Romans · France
858
-17
🇫🇷 Khmer · France
847
-16
Bodom
0:48 Loom
13:14 Feudal Age
14:31 Double-Bit Axe
16:30 Horse Collar
21:44 Castle Age
22:50 Bow Saw
22:44 Heavy Plow
29:58 Chemistry
31:44 Imperial Age
30:56 Chemistry
30:31 Forging
30:28 Scale Barding Armor
30:27 Padded Archer Armor
30:17 Fletching
31:22 Wheelbarrow
31:00 Treadmill Crane
31:38 Wagenburg Tactics
33:03 Conscription
33:07 Hand Cart
32:58 Pikeman
33:38 Squires
33:23 Arson
34:03 Caravan
34:36 Halberdier
36:22 Iron Casting
35:49 Scale Mail Armor
37:41 Elite Hussite Wagon
39:26 Houfnice
40:32 Town Watch
42:01 Scale Barding Armor
42:56 Blast Furnace
43:33 Chain Mail Armor
43:15 Bodkin Arrow
47:53 Plate Mail Armor
47:38 Leather Archer Armor
48:35 Bracer
grigore.marinica
1:22 Loom
1:27 Loom
12:38 Feudal Age
13:25 Double-Bit Axe
16:42 Castle Age
21:22 Horse Collar
24:32 Stone Mining
24:33 Gold Mining
25:06 Bow Saw
26:05 Wheelbarrow
27:12 Stone Shaft Mining
31:34 Imperial Age
29:40 Hand Cart
29:11 Town Watch
30:24 Heavy Plow
30:40 Fletching
30:54 Scale Mail Armor
31:22 Town Patrol
32:07 Forging
31:53 Bodkin Arrow
33:25 Chemistry
32:57 Chain Mail Armor
32:43 Padded Archer Armor
33:00 Squires
32:46 Arson
33:37 Iron Casting
34:41 Two-Man Saw
34:00 Bracer
34:23 Ballistics
33:49 Arrowslits
34:16 Masonry
33:46 Treadmill Crane
34:02 Murder Holes
35:32 Plate Mail Armor
35:30 Conscription
36:23 Silk Road
36:28 Leather Archer Armor
38:24 Blast Furnace
38:09 Bombard Tower
38:20 Architecture
38:14 Caravan
43:02 Fortified Wall
44:01 Onager
54:09 Ring Archer Armor
56:22 Hoardings
55:59 Pirotechnia
58:36 Hoardings
raz_mary
1:24 Loom
12:03 Feudal Age
21:48 Castle Age
19:55 Horse Collar
20:05 Double-Bit Axe
22:53 Town Watch
29:25 Gold Mining
32:44 Imperial Age
30:53 Wheelbarrow
30:48 Town Patrol
31:29 Gold Shaft Mining
31:56 Hand Cart
32:54 Forging
32:48 Heavy Plow
35:43 Bow Saw
35:49 Fortified Wall
35:50 Stone Mining
35:41 Elite Janissary
38:10 Iron Casting
37:36 Scale Mail Armor
37:42 Scale Barding Armor
37:40 Caravan
38:11 Coinage
37:52 Guilds
38:37 Sipahi
38:39 Conscription
39:19 Bloodlines
39:37 Squires
40:12 Banking
41:07 Two-Man Saw
40:09 Treadmill Crane
40:19 Heated Shot
40:50 Ballistics
41:31 Hoardings
40:57 Artillery
41:10 Cavalier
41:51 Husbandry
42:49 Murder Holes
43:15 Bombard Tower
43:06 Masonry
44:49 Arrowslits
44:56 Guard Tower
48:02 Sappers
55:57 Architecture
58:10 Chain Barding Armor
58:06 Chain Mail Armor
58:52 Blast Furnace
57:42 Fletching
57:53 Padded Archer Armor
Yverogne
0:50 Loom
13:28 Feudal Age
14:02 Horse Collar
14:20 Double-Bit Axe
20:58 Castle Age
19:39 Stone Mining
19:44 Gold Mining
22:29 Heavy Plow
25:50 Wheelbarrow
28:35 Town Watch
30:59 Bow Saw
36:37 Imperial Age
35:33 Ballistics
35:29 Fortified Wall
35:31 Masonry
37:17 Scale Barding Armor
37:05 Fletching
37:58 Hoardings
38:36 Chemistry
38:33 Architecture
38:25 Husbandry
38:37 Bloodlines
39:57 Conscription
41:27 Bodkin Arrow
41:43 Siege Engineers
42:28 Double Crossbow
43:21 Caravan
44:06 Elite Ballista Elephant
46:37 Elite Skirmisher
49:56 Hand Cart
52:31 Light Cavalry
53:52 Light Cavalry
zohran63
0:46 Loom
15:14 Feudal Age
16:32 Wheelbarrow
18:15 Double-Bit Axe
23:40 Castle Age
23:19 Forging
24:48 Hand Cart
24:52 Bow Saw
24:46 Padded Archer Armor
31:14 Chemistry
30:48 Ballistics
30:19 Horse Collar
31:13 Leather Archer Armor
30:48 Fletching
31:26 Caravan
36:56 Imperial Age
39:58 Ring Archer Armor
40:04 Iron Casting
41:15 Siege Engineers
42:14 Conscription
42:32 Heavy Plow
42:01 Houfnice
43:40 Elite Hussite Wagon
46:25 Pikeman
50:06 Blast Furnace
49:02 Bodkin Arrow
rom.julliard
1:03 Loom
13:39 Feudal Age
14:44 Horse Collar
14:52 Double-Bit Axe
16:13 Wheelbarrow
21:51 Castle Age
23:24 Heavy Plow
27:05 Bow Saw
26:49 Gold Mining
26:51 Stone Mining
27:14 Scale Mail Armor
27:29 Forging
26:52 Pikeman
27:00 Pikeman
27:43 Squires
32:30 Masonry
32:41 Ballistics
33:07 Man-at-Arms
34:09 Chain Mail Armor
34:30 Iron Casting
34:20 Hand Cart
35:18 Murder Holes
35:34 Fortified Wall
38:17 Imperial Age
36:24 Long Swordsman
38:35 Padded Archer Armor
38:51 Heavy Scorpion
39:02 Halberdier
45:50 Chemistry
45:01 Siege Engineers
Connection lost

Rejoining the realm…

Still unreachable

The connection could not be restored.

Session expired

The server has moved on; the page needs a fresh start.